 Dungeon Crawl Stone Soup version 0.25-a0-843-g6944ee31a2 (webtiles) character file.

Game seed: 6163824233098303090, levelgen mode: deterministic

9 Esekla the Charmwright (level 2, 0/13 HPs)
             Began as a Felid Skald on Apr 25, 2020.
             Slain by a dart slug (2 damage)
             ... on level 1 of the Dungeon.
             The game lasted 00:01:52 (144 turns).

Esekla the Charmwright (Felid Skald)                 Turns: 144, Time: 00:01:52

Health: 0/13       AC:  1    Str:  7    XL:     2   Next: 3%
Magic:  6/6        EV: 18    Int: 14    God:
Gold:   11         SH:  0    Dex: 15    Spells: 4/5 levels left
                                        Lives:  0   Deaths: 0

rFire    . . .     SeeInvis +     - Unarmed
rCold    . . .     Gourm    .   (shield unavailable)
rNeg     . . .     Faith    .   (armour unavailable)
rPois    .         Spirit   .   (helmet unavailable)
rElec    .         Reflect  .   (cloak unavailable)
rCorr    .         Harm     .   (gloves unavailable)
MR       .....                  (boots unavailable)
Stlth    ++........             (no amulet)
HPRegen  0.04/turn              (no ring)
MPRegen  0.10/turn              (no ring)

@: very slightly contaminated, quick
A: very small, no armour, no weapons or thrown items, stealth, claws 1, fangs 3,
see invisible, carnivore, speed 1, shaggy fur 1, slow metabolism 1, sharp paws
a: no special abilities


You were on level 1 of the Dungeon.
You were not hungry.

You visited 1 branch of the dungeon, and saw 2 of its levels.

You collected 11 gold pieces.

Inventory:

Scrolls
 a - a scroll of fear {unknown}
 d - a scroll of remove curse {unknown}
Potions
 c - 2 potions of haste {unknown}
Comestibles
 b - a ration


   Skills:
 - Level 2.0 Fighting
 * Level 3.4 Dodging
 + Level 2.3 Unarmed Combat
 * Level 2.2 Spellcasting
 - Level 3.6 Charms


You had 4 spell levels left.
You knew the following spells:

 Your Spells              Type           Power        Failure   Level  Hunger
a - Infusion              Chrm           ##..         5%          1    #......

Your spell library contained the following spells:

 Spells                   Type           Power        Failure   Level  Hunger
 Song of Slaying          Chrm           ##......     8%          2    ###....
 Shroud of Golubria       Chrm/Tloc      #.....       17%         2    ###....
 Ozocubu's Armour         Chrm/Ice       #.......     32%         3    ###....
 Spectral Weapon          Hex/Chrm       Unusable     N/A         3    N/A

Dungeon Overview and Level Annotations

Branches:
Dungeon (2/15)

Altars:


Innate Abilities, Weirdness & Mutations

You cannot wear armour.
You are incapable of wielding weapons or throwing items.
Your paws allow you to move quietly. (Stealth)
You have sharp claws.
You have razor-sharp teeth.
You have supernaturally acute eyesight. (SInv)
You are carnivorous and can eat meat at any time.
You cover ground quickly.
You are covered in fur. (AC +1)
You have a slow metabolism.
Your sharp claws are effective at attacking unaware monsters.


Message History

The hobgoblin is lightly wounded.
The kobold barely misses you. The hobgoblin completely misses you.
A hobgoblin opens the door.
A rat comes into view.
You scratch the kobold.
The kobold is moderately wounded.
The kobold barely misses you.
You scratch the kobold.
You kill the kobold!
You scratch the hobgoblin.
The hobgoblin is moderately wounded.
The bat closely misses you. The hobgoblin misses you.
You barely miss the hobgoblin. You bite the hobgoblin.
You kill the hobgoblin!
You have reached level 2!
The bat barely misses you. The bat completely misses you.
You scratch the dart slug.
The dart slug is heavily wounded.
The bat misses you. The dart slug bites you.
You die...

...... #..... #.###..#.#
#..... #........## ###+##
.#.........##
............####
#......)......#
##...!.#.....(.#
.......bw......#
#.##..###.....@#'#'####
.#..............#.......
........................
.........#............w...
.................##.####..
.........#.#........... .
..........#.#........###
........................
..........#.............


You could see a dart slug and a bat.

Vanquished Creatures
  A dart slug (D:2)
  A bat (D:2)
  A goblin (D:1)
  A hobgoblin (D:1)
  A kobold (D:1)
  A frilled lizard (D:2)
6 creatures vanquished.

Notes
Turn   | Place    | Note
-------+----------+-------------------------------------------
     0 | D:1      | Esekla the Felid Skald began the quest for the Orb.
     0 | D:1      | Reached XP level 1. HP: 9/9 MP: 4/4
   143 | D:1      | Reached XP level 2. HP: 2/13 MP: 6/6
   144 | D:1      | Slain by a dart slug

Levels and vault maps discovered:
D:1:      shiori_arrival_elements, layout_basic
D:2:      layout_loops_ring, minmay_misc_feat_tiny, minmay_distorted

Action                   || total
-------------------------++-------
Melee: Unarmed           ||    24
       Bite              ||     3
  Eat: Chunk             ||     1
Armor: Skin              ||     5
Dodge: Dodged            ||    27

Table legend:
 A = Non-vault XP
 B = Vault XP
 C = Vault XP percentage of total XP
 D = Non-vault monster count
 E = Vault monster count
 F = Vault count percentage of total count
                 A         B        C        D         E       F
            +---------+---------+-------+---------+---------+-------
      Total |      13 |       0 |   0.0 |       6 |       0 |   0.0
            +---------+---------+-------+---------+---------+-------
        D:1 |       6 |       0 |   0.0 |       3 |       0 |   0.0
        D:2 |       7 |       0 |   0.0 |       3 |       0 |   0.0
            +---------+---------+-------+---------+---------+-------
